 Dungeon Crawl Stone Soup version 0.19-a0-944-gb338e1e (webtiles) character file.

1232 HAL9000 the Ruffian (level 8, -7/62 HPs)
             Began as a Red Draconian Transmuter on July 9, 2016.
             Was an Initiate of Cheibriados.
             Mangled by an orc warrior
             ... wielding a +0 trident
              (12 damage)
             ... on level 6 of the Dungeon.
             The game lasted 00:20:06 (7423 turns).

HAL9000 the Ruffian (Red Draconian Transmuter)      Turns: 7423, Time: 00:20:07

Health: -7/62      AC:  6    Str: 14    XL:     8   Next: 24%
Magic:  10/11      EV: 14    Int: 16    God:    Cheibriados [......]
Gold:   191        SH:  0    Dex: 13    Spells: 4 memorised, 1 level left

rFire  + . .     SeeInvis .       - Unarmed
rCold  + . .     Gourm    .     (armour unavailable)
rNeg   . . .     Faith    .     (no shield)
rPois  .         Spirit   .     (helmet restricted)
rElec  .         Dismiss  .     (no cloak)
rCorr  .         Reflect  .     (no gloves)
SustAt .         Harm     .     (no boots)
MR     .....                    (no amulet)
Stlth  +.........               y - ring of wizardry
                                i - ring of protection from cold

@: slowed, very slow, not resistant to hostile enchantments, very unstealthy
A: breathe fire, unfitting armour, fire resistance 1, cold-blooded, AC +6
a: Breathe Fire, Bend Time, Renounce Religion


You were on level 6 of the Dungeon.
You worshipped Cheibriados.
Cheibriados was noncommittal.
You were hungry.

You visited 2 branches of the dungeon, and saw 7 of its levels.

You collected 256 gold pieces.
You spent 65 gold pieces at shops.

Inventory:

Missiles
 a - 69 arrows
Jewellery
 i - a ring of protection from cold (left hand)
 y - a ring of wizardry (right hand)
Wands
 z - a wand of flame (30/48)
 B - a wand of slowing (0/48)
Scrolls
 e - 3 scrolls of remove curse {unknown}
 g - a scroll of amnesia {unknown}
 h - 2 scrolls of blinking {unknown}
 j - a scroll of identify
 l - 2 scrolls of teleportation {unknown}
 p - 2 scrolls of enchant armour {unknown}
 s - 2 scrolls of noise {unknown}
 t - a scroll of immolation {unknown}
 u - 2 scrolls of magic mapping {unknown}
 x - a scroll of enchant weapon {unknown}
Potions
 f - 3 potions of lignification
 k - a potion of agility
 o - 3 potions of curing
 v - a potion of resistance
 A - 3 potions of heal wounds
 D - a potion of degeneration {unknown}
Books
 b - a book of Changes

   Spells                             Type                      Level
   a - Beastly Appendage              Transmutation                1
   b - Sticks to Snakes               Transmutation                2
   c - Spider Form                    Transmutation/Poison         3
   d - Ice Form                       Ice/Transmutation            4
   e - Blade Hands                    Transmutation                5
 r - a book of Summonings

   Spells                             Type                      Level
   a - Recall                         Summoning/Translocation      3
   b - Aura of Abjuration             Summoning                    5
   c - Summon Demon                   Summoning                    5
   d - Summon Forest                  Summoning/Translocation      5
   e - Summon Mana Viper              Hexes/Summoning              5
   f - Shadow Creatures               Summoning                    6
Comestibles
 c - 5 bread rations
 m - 3 beef jerkies
 q - a meat ration
 E - a chunk of flesh


   Skills:
 + Level 2.5 Fighting
 + Level 4.2 Dodging
 * Level 7.4 Unarmed Combat
 - Level 2.3 Spellcasting
 + Level 5.4 Transmutations


You had one spell level left.
You knew the following spells:

 Your Spells              Type           Power        Failure   Level  Hunger
a - Beastly Appendage     Tmut           ###...       1%          1    #......
b - Sticks to Snakes      Tmut           ###.....     1%          2    ###....
c - Spider Form           Tmut/Pois      ##........   9%          3    ###....
d - Ice Form              Ice/Tmut       ##......     41%         4    #####..


Dungeon Overview and Level Annotations

Branches:
Dungeon (6/15)             Temple (1/1) D:6

Altars:
Ashenzari
Cheibriados
Dithmenos
Gozag
Kikubaaqudgha
Nemelex Xobeh
Okawaru
Pakellas
Ru
Sif Muna
Trog
Vehumet
Yredelemnul
The Shining One

Shops:
D:6 !


Innate Abilities, Weirdness & Mutations

You can breathe blasts of fire.
Your fiery red scales are hard. (AC +6)
Your body does not fit into most forms of armour.
Your flesh is heat resistant. (rF+)
You are cold-blooded and may be slowed by cold attacks.


Message History

Your ball python constricts the orc warrior.
The orc warrior struggles to escape constriction.
Something barely misses your ball python.
Your ball python bites the orc warrior but does no damage.
Your ball python constricts the orc warrior.
The orc warrior struggles to escape constriction.
Something hits your ball python.
Your ball python dies!
The orc warrior closely misses you.
The orc warrior hits you from afar with a trident.
An orc wizard appears from thin air!
Reactivating autopickup.
The orc wizard gestures wildly while chanting.
The orc wizard flickers and vanishes!
Deactivating autopickup; reactivate with Ctrl-A.
The orc warrior hits you from afar with a trident!
The orc warrior hits you from afar with a trident!!
* * * LOW HITPOINT WARNING * * *
The orc warrior hits you from afar with a trident!
You die...

.##.###........# ##.#
.##........###.###..##
#######..### #....#..#
## #..#####.#.###.##
.# #..#..>...## ##.#
.#
#..#.###.#.###.######
.# #....#
#.##.#......... .#
##.#####.###...#######
.# #........@.o..# .##
############.## ..#
#.# ..# #.# ..# #{#
..# #o# .## #.# ## #.#
##.##


You could see an orc warrior.

Vanquished Creatures
  An ice beast (D:6)
  An ogre (D:6)
  A centaur (D:6)
  A big kobold (D:5)
  2 scorpions
  2 crimson imps
  A hound (D:4)
  3 orc priests
  A jelly (D:6)
  3 orc wizards
  Jessica (D:4)
  4 iguanas
  Natasha (thrice) (D:4)
  2 worker ants
  7 gnolls
  2 adders
  3 worms
  3 dart slugs
  A giant gecko (D:3)
  23 orcs
  7 giant cockroaches
  10 goblins
  5 hobgoblins
  13 jackals
  6 quokkas
  5 bats
  8 giant newts
  9 kobolds
  A quokka skeleton (D:5)
  11 rats
140 creatures vanquished.

Vanquished Creatures (collateral kills)
  An ogre (D:4)
  An adder (D:5)
  2 worms
  A hobgoblin (D:2)
5 creatures vanquished.

Grand Total: 145 creatures vanquished

Notes
Turn   | Place    | Note
-------+----------+-------------------------------------------
     0 | D:1      | HAL9000 the Draconian Transmuter began the quest for the Orb.
     0 | D:1      | Reached XP level 1. HP: 16/16 MP: 3/3
   324 | D:1      | Reached XP level 2. HP: 23/23 MP: 3/5
   380 | D:1      | Learned a level 2 spell: Sticks to Snakes
   962 | D:2      | Reached XP level 3. HP: 28/28 MP: 4/6
  1142 | D:2      | Learned a level 3 spell: Spider Form
  2590 | D:1      | Reached XP level 4. HP: 12/35 MP: 5/7
  2811 | D:1      | Reached skill level 4 in Unarmed Combat
  3603 | D:3      | Found an iron altar of Okawaru.
  3787 | D:3      | Found a glowing golden altar of the Shining One.
  3915 | D:3      | Reached XP level 5. HP: 37/40 MP: 6/8
  4123 | D:4      | Noticed an ogre
  4137 | D:4      | Killed an ogre
  4276 | D:4      | Reached skill level 5 in Unarmed Combat
  4375 | D:4      | Reached XP level 6. HP: 34/47 MP: 9/9
  4488 | D:4      | Found a basalt altar of Yredelemnul.
  4533 | D:4      | Found a sparkling altar of Nemelex Xobeh.
  4533 | D:4      | Noticed Jessica
  4543 | D:4      | Killed Jessica
  5134 | D:4      | Noticed Natasha
  5147 | D:4      | Killed Natasha
  5219 | D:4      | Noticed Natasha
  5233 | D:4      | Killed Natasha
  5277 | D:4      | Your scales start taking on a fiery red colour.
  5277 | D:4      | Reached XP level 7. HP: 32/52 MP: 4/10
  5277 | D:4      | Gained mutation: Your flesh is heat resistant. (rF+) [Red Draconian growth]
  5553 | D:4      | Noticed Natasha
  5566 | D:4      | Killed Natasha
  5728 | D:4      | Reached skill level 6 in Unarmed Combat
  5822 | D:5      | Entered Level 5 of the Dungeon
  6358 | D:5      | Learned a level 4 spell: Ice Form
  6394 | D:5      | Reached skill level 5 in Transmutations
  6712 | D:6      | Found Ziof's Distillery.
  6723 | D:6      | Bought a potion of heal wounds for 65 gold pieces
  6759 | D:6      | Found an oddly glowing altar of Pakellas.
  6885 | D:6      | Reached skill level 7 in Unarmed Combat
  6885 | D:6      | Reached XP level 8. HP: 51/61 MP: 11/11
  7122 | D:6      | Found a staircase to the Ecumenical Temple.
  7131 | Temple   | Entered the Ecumenical Temple
  7205 | Temple   | Became a worshipper of Cheibriados the Contemplative
  7423 | D:6      | Mangled by an orc warrior

Vault maps used:
D:1:      scummos_arrival_forest
D:2:      fountainhead
D:3:      okawaru_metal_pillars_1_2, old_standard_altar, amethyst_killhole
D:4:      kennysheep_mini_moat, nemelex_lonely_heart_becter, uniq_natasha
D:5:      first_bread, minmay_misc_feat_columns, minmay_misc_feat_chi,
          grunt_ministairs_11
D:6:      serial_shops, shop, johnstein_pakellas_death_squad
Temple:   jpeg_temple_clearing

Skill      XL: |  1  2  3  4  5  6  7 |
---------------+----------------------+-----
Transmutations | 3 4 5 |  5.4
Unarmed Combat | 4 5 7 |  7.4
Dodging        | 2 3 4 |  4.2
Fighting       | 2 |  2.5
Spellcasting   | |  2.3

Action                   |  1- 3 |  4- 6 |  7- 9 || total
-------------------------+-------+-------+-------++-------
Melee: Unarmed           |   161 |   232 |    94 ||   487
       Kick              |    15 |    17 |     2 ||    34
       Tailslap          |    10 |    15 |     7 ||    32
       Headbutt          |     4 |     4 |     3 ||    11
       Punch             |     1 |     4 |     2 ||     7
 Cast: Beastly Appendage |    27 |    16 |     9 ||    52
       Sticks to Snakes  |     5 |    13 |     7 ||    25
       Spider Form       |       |     7 |     4 ||    11
 Abil: Breathe Fire      |       |       |     9 ||     9
  Use: Potion            |       |     1 |       ||     1
       Scroll            |       |       |     3 ||     3
 Stab: Distracted        |       |     3 |       ||     3
       Sleeping          |       |     1 |       ||     1
  Eat: Chunk             |     6 |     6 |     7 ||    19
       Meat ration       |       |     1 |       ||     1
       Pizza             |       |       |     2 ||     2
Armor: Skin              |    56 |    41 |    18 ||   115
Dodge: Dodged            |    91 |   149 |    58 ||   298
